 Dungeon Crawl Stone Soup version 0.26.1-10-gdfb7c7de75 (webtiles) character file.

Game seed: 7131248313977995306

50 Descartes the Magician (level 3, 0/22 HPs)
             Began as a Deep Elf Wanderer on Apr 9, 2021.
             Slain by an adder (2 damage)
             ... on level 2 of the Dungeon.
             The game lasted 00:03:29 (1844 turns).

Descartes the Magician (Deep Elf Wanderer)          Turns: 1844, Time: 00:03:29

Health: 0/22       AC:  4    Str:  9    XL:     3   Next: 55%
Magic:  1/10       EV: 11    Int: 15    God:
Gold:   63         SH:  0    Dex: 16    Spells: 8/9 levels left

rFire    . . .     SeeInvis .   a - +2 mace
rCold    . . .     Faith    .   (no shield)
rNeg     . . .     Spirit   .   f - +0 leather armour
rPois    .         Reflect  .   (no helmet)
rElec    .         Harm     .   (no cloak)
rCorr    .         Rampage  .   b - +0 pair of gloves
Will     .....                  (no boots)
Stlth    +.........             (no amulet)
HPRegen  0.07/turn              (no ring)
MPRegen  0.12/turn              (no ring)

@: lethally poisoned (0 -> -5), very slightly contaminated
A: no striking features
a: no special abilities


You were on level 2 of the Dungeon.
You visited 1 branch of the dungeon, and saw 2 of its levels.

You collected 63 gold pieces.

Inventory:

Hand Weapons
 a - a +2 mace (weapon)
Missiles
 d - 29 arrows
 h - 47 stones
Armour
 b - a +0 pair of gloves (worn)
 f - a +0 leather armour (worn)
Jewellery
 g - an uncursed ring of see invisible {unknown}
Wands
 c - a wand of random effects (14)
Scrolls
 e - a scroll of magic mapping {unknown}
 i - a scroll of immolation {unknown}
 l - a scroll of remove curse {unknown}
Potions
 j - a potion of flight {unknown}
 k - a potion of attraction {unknown}


   Skills:
 - Level 2.4 Fighting
 - Level 1.0 Maces & Flails
 - Level 1.0 Armour
 + Level 1.4 Dodging
 + Level 3.5 Spellcasting
 * Level 2.1 Fire Magic
 - Level 1.1 Ice Magic
 + Level 2.8 Evocations


You had 8 spell levels left.
You knew the following spells:

 Your Spells              Type           Power        Failure   Level
a - Foxfire               Conj/Fire      20%          17%         1

Your spell library contained the following spells:

 Spells                   Type           Power        Failure   Level
 Dazzling Flash           Conj/Hex       4%           61%         3


Dungeon Overview and Level Annotations

Branches:
Dungeon (2/15)

Altars:


Message History

The adder bites you but does no damage. x2
You closely miss the adder.
The adder is moderately wounded.
The adder bites you.
* * * LOW HITPOINT WARNING * * *
You are lethally poisoned!
The adder poisons you! The adder bites you but does no damage.
You closely miss the adder.
The adder is moderately wounded.
* * * LOW HITPOINT WARNING * * *
You feel sick. The adder bites you.
* * * LOW HITPOINT WARNING * * *
You hit the adder.
The adder is heavily wounded.
The adder bites you but does no damage. The adder closely misses you.
You hit the adder.
The adder is almost dead.
* * * LOW HITPOINT WARNING * * *
You feel sick. The adder misses you. The adder bites you.
You die...

................
.
.#..##......###.
#.#.##.#
#.#..#.#
#.##.##.#.#
..........#
..##......#
####.###
#@#######..
#.#S#.......
..###gg......
..## #v........
#. #.#.#####..
.. #..#.# . #.
#.# #. #.# . ..#


You could see a gnoll, an adder and a goblin.

Vanquished Creatures
  A gnoll (D:2)
  An ooze (D:1)
  2 dart slugs (D:1)
  3 leopard geckos (D:1)
  A ball python (D:1)
  4 bats (D:1)
  A giant cockroach (D:1)
  3 goblins (D:1)
  2 hobgoblins (D:1)
  6 kobolds (D:1)
  4 rats
28 creatures vanquished.

Vanquished Creatures (others)
  98 foxfires
98 creatures vanquished.

Grand Total: 126 creatures vanquished

Notes
Turn   | Place    | Note
-------+----------+-------------------------------------------
     0 | D:1      | Descartes the Deep Elf Wanderer began the quest for the
                  | Orb.
     0 | D:1      | Descartes set off with the following items: a +2 mace, a
                  | wand of random effects (15), a +0 robe; and the following
                  | spell memorised: Foxfire; and the following spells
                  | available to memorise: Dazzling Flash
     0 | D:1      | Reached XP level 1. HP: 13/13 MP: 6/6
   250 | D:1      | Reached skill level 1 in Fire Magic
   250 | D:1      | Reached XP level 2. HP: 18/18 MP: 1/8
   455 | D:1      | Reached skill level 1 in Dodging
   749 | D:1      | Reached XP level 3. HP: 6/22 MP: 9/9
  1844 | D:2      | Slain by an adder

Illustrated notes

Levels and vault maps discovered:
D:1:      lightli_arrival_statue_moat, layout_loops_ring
D:2:      layout_loops_cross

Skill      XL: |  1  2  3 |
---------------+----------+-----
Fire Magic     | 1 2 |  2.1
Dodging        | 1 |  1.4
Fighting       | |  2.4
Maces & Flails | |  1.0
Armour         | |  1.0
Spellcasting   | |  3.5
Ice Magic      | |  1.1
Evocations     | |  2.8

Action                   || total
-------------------------++-------
Melee: Mace              ||    42
 Cast: Foxfire           ||    65
Evoke: Wand              ||     1
Armor: Leather armour    ||    27
Dodge: Dodged            ||    51
